 Dungeon Crawl Stone Soup version 0.29-a0-925-g0a7a3d12f8 (webtiles) character file.

Game seed: 13957535579927954434

169 quixfox the Digger (level 5, 0/28 HPs)
             Began as a Gargoyle Earth Elementalist on July 30, 2022.
             Killed from afar by a goblin (12 damage)
             ... with a puff of flame
             ... on level 3 of the Dungeon.
             The game lasted 00:03:17 (2924 turns).

quixfox the Digger (Gargoyle Earth Elementalist)    Turns: 2924, Time: 00:03:17

Health: 0/28       AC:  6    Str: 11    XL:     5   Next: 50%
Magic:  1/10       EV: 11    Int: 18    God:
Gold:   116        SH:  0    Dex: 10    Spells: 5/11 levels left

rFire   . . .      SeeInvis .   c - +0 whip
rCold   . . .      Faith    .   (no shield)
rNeg    + . .      Spirit   .   a - +0 robe
rPois   ∞          Reflect  .   (no helmet)
rElec   +          Harm     .   (no cloak)
rCorr   .          Rampage  .   (no gloves)
Will    .....                   (no boots)
Stlth   ++........              (no amulet)
HPRegen 0.09/turn               (no ring)
MPRegen 0.12/turn               (no ring)

@: very slightly contaminated
A: sickness immunity, AC +4, negative energy resistance 1, electricity
resistance, torment resistance 1, petrification resistance
a: no special abilities


You were on level 3 of the Dungeon.
You visited 1 branch of the dungeon, and saw 3 of its levels.

You collected 116 gold pieces.

Inventory:

Hand Weapons
 c - a +0 whip (weapon)
Armour
 a - a +0 robe (worn)
Wands
 o - a wand of polymorph (6)
 r - a wand of roots (10)
Scrolls
 d - 4 scrolls of fog {unknown}
 f - 3 scrolls of teleportation {unknown}
 g - a scroll of identify {unknown}
 h - a scroll of magic mapping {unknown}
 j - a scroll of blinking {unknown}
 p - a scroll of immolation {unknown}
 q - a scroll of noise {unknown}
Potions
 b - a potion of magic
 e - a potion of mutation {unknown}
 i - a potion of attraction {unknown}
 k - a potion of degeneration {unknown}
 l - a potion of might {unknown}
 m - 2 potions of flight {unknown}
 n - 2 potions of haste {unknown}


   Skills:
 - Level 1.5 Dodging
 - Level 2.1 Stealth
 + Level 3.5 Spellcasting
 + Level 2.3 Conjurations
 - Level 0.7 Transmutations
 + Level 5.3 Earth Magic


You had 5 spell levels left.
You knew the following spells:

 Your Spells              Type           Power      Damage    Failure   Level
a - Sandblast             Erth           44%        2d11      1%          1
b - Passwall              Tmut/Erth      11%        N/A       7%          2
c - Stone Arrow           Conj/Erth      32%        3d9       10%         3

Your spell library contained the following spells:

 Spells                   Type           Power      Damage    Failure   Level
 Petrify                  Tmut/Erth      14%        N/A       41%         4


Dungeon Overview and Level Annotations

Branches:
Dungeon (3/15)

Altars:

Annotations:
D:3 1 runed translucent door, Sabo's ghost, amateur GrEE


Innate Abilities, Weirdness & Mutations

You are immune to sickness and miasma.
Your stone body is resilient. (AC +4)
You are immune to poison.
You resist negative energy. (rN+)
You are resistant to electric shocks. (rElec)
You are resistant to unholy torment.
You are immune to petrification.


Message History

The goblin zaps a wand.
The puff of flame misses you. The goblin closely misses you.
The blast of sand hits the goblin but does no damage.
The goblin is severely wounded.
The goblin barely misses you.
The goblin zaps a wand.
The puff of flame hits you!
You are too injured to fight recklessly!
Aiming: Sandblast (safe; 1% risk of failure)
Press: ? - help, Q - select action, (/) - cycle Shift-Dir - straight line, f/p - goblin
Aim: a goblin, wielding a +0 dagger, wearing a +0 plate armour and carrying a wand of flame (12) (severely wounded, 85% to hit)
The blast of sand hits the goblin but does no damage.
The goblin is severely wounded.
The goblin hits you but does no damage. x2
Aiming: Sandblast (safe; 1% risk of failure)
Press: ? - help, Q - select action, (/) - cycle Shift-Dir - straight line, f/p - goblin
Aim: a goblin, wielding a +0 dagger, wearing a +0 plate armour and carrying a wand of flame (12) (heavily wounded, 85% to hit)
The blast of sand hits the goblin but does no damage.
The goblin is heavily wounded.
The goblin closely misses you. The goblin hits you with a +0 dagger.
Aiming: Sandblast (safe; 1% risk of failure)
Press: ? - help, Q - select action, (/) - cycle Shift-Dir - straight line, f/p - goblin
Aim: a goblin, wielding a +0 dagger, wearing a +0 plate armour and carrying a wand of flame (12) (heavily wounded, 85% to hit)
You miscast Sandblast.
You are very lightly contaminated with residual magic.
Nothing appears to happen.
The goblin misses you.
Aiming: Sandblast (safe; 1% risk of failure)
Press: ? - help, Q - select action, (/) - cycle Shift-Dir - straight line, f/p - goblin
Aim: a goblin, wielding a +0 dagger, wearing a +0 plate armour and carrying a wand of flame (12) (heavily wounded, 85% to hit)
The blast of sand misses the goblin.
The goblin zaps a wand.
The puff of flame hits you but does no damage.
The goblin closely misses you.
Aiming: Sandblast (safe; 1% risk of failure)
Press: ? - help, Q - select action, (/) - cycle Shift-Dir - straight line, f/p - goblin
Aim: a goblin, wielding a +0 dagger, wearing a +0 plate armour and carrying a wand of flame (11) (heavily wounded, 85% to hit)
The blast of sand hits the goblin but does no damage.
The goblin is heavily wounded.
The goblin zaps a wand.
The puff of flame hits you!
You die...

≈### #.............#
≈# #.#####..####.#
≈# #..# #.# ≈#
####..## #.# .
#......# #.#
....#....###.#######
##...............#
........####.#####.#
######..g@)..#
#.####### #. #' ..
..


You could see a goblin.

Vanquished Creatures
  A bullfrog (D:3)
  Ijyb (D:3)
  4 adders
  An orc (D:3)
  7 endoplasms
  2 giant cockroaches
  2 hobgoblins
  4 quokkas
  10 ball pythons
  2 bats (D:1)
  2 frilled lizards
  4 goblins
  3 kobolds (D:1)
  4 rats
47 creatures vanquished.

Notes
Turn   | Place    | Note
-------+----------+-------------------------------------------
     0 | D:1      | quixfox the Gargoyle Earth Elementalist began the quest for
                  | the Orb.
     0 | D:1      | Reached XP level 1. HP: 10/10 MP: 3/3
   318 | D:1      | Reached XP level 2. HP: 15/15 MP: 1/5
   401 | D:1      | Reached skill level 4 in Earth Magic
   811 | D:1      | Found a faded altar of an unknown god.
  1409 | D:2      | Reached XP level 3. HP: 19/19 MP: 5/7
  1412 | D:2      | Learned a level 2 spell: Passwall
  1416 | D:2      | Learned a level 3 spell: Stone Arrow
  2420 | D:3      | Noticed a bullfrog
  2422 | D:3      | Killed a bullfrog
  2423 | D:3      | Reached skill level 1 in Conjurations
  2423 | D:3      | Reached skill level 5 in Earth Magic
  2423 | D:3      | Reached XP level 4. HP: 24/24 MP: 5/8
  2423 | D:3      | Reached XP level 5. HP: 28/28 MP: 5/9
  2778 | D:3      | Found a runed translucent door.
  2779 | D:3      | Noticed Sabo's ghost (amateur GrEE)
  2868 | D:3      | Noticed Ijyb
  2879 | D:3      | Killed Ijyb
  2924 | D:3      | Killed from afar by a goblin

Illustrated notes

Levels and vault maps discovered:
D:1:      dpeg_arrival_oval, layout_rooms, serial_co_window_serial,
          co_window_paths_a, co_window_corner_a, co_window_corner_a,
          co_window_corner_a, co_window_paths_b, co_window_paths_a,
          co_window_paths_a, co_window_broadway_a, co_window_of_opportunity_c,
          co_window_broadway_b, co_window_unsneaky_path_d, co_window_paths_c,
          co_window_paths_d, co_window_sun, glass_columns_b, glass_columns_c,
          glass_columns_a, glass_columns_a, glass_columns_a,
          basic_ecumenical_altar, amcnicky_mini_rare_corridor_liquid
D:2:      layout_loops_ring
D:3:      layout_loops_corners, mainiacjoe_overflow_24_doors,
          ebering_ghost_sewer_f, uniq_ijyb

Skill      XL: |  1  2  3  4  5 |
---------------+----------------+-----
Earth Magic    | 4 5 |  5.3
Spellcasting   | 3 |  3.5
Conjurations   | 1 2 |  2.3
Dodging        | |  1.5
Stealth        | |  2.1
Transmutations | |  0.7

Action                   |  1- 3 |  4- 6 || total
-------------------------+-------+-------++-------
Melee: Whip              |     1 |       ||     1
 Cast: Sandblast         |    52 |    22 ||    74
Armor: Robe              |    11 |     5 ||    16
Dodge: Dodged            |    13 |     9 ||    22

Table legend: (Time is in decaauts)
 A = Elapsed time spent in this place.
 B = Non-inter-level travel time spent in this place.
 C = Inter-level travel time spent in this place.
 D = Time resting spent in this place.
 E = Time spent auto-exploring this place.
 F = Levels seen in this place.
 G = Mean time per level.
                   A        B        C        D        E       F      G
               +--------+--------+--------+--------+--------+-----+--------+
         Total |   2996 |   2937 |     59 |    191 |   2422 |   3 |  998.7 |
       Dungeon |   2996 |   2937 |     59 |    191 |   2422 |   3 |  998.7 |
               +--------+--------+--------+--------+--------+-----+--------+

Top non-repeatable levels by time:
     D:1: 1312 daAuts
     D:2: 929 daAuts
     D:3: 753 daAuts
